 Dungeon Crawl Stone Soup version 0.29-a0-775-g4d7333d4e2 (webtiles) character file.

Game seed: 17741426775928122783

2418 greasedhog the Schismatic (level 9, -5/66 HPs)
             Began as a Formicid Abyssal Knight on July 2, 2022.
             Was an Elder of Lugonu.
             Slain by an iguana (10 damage)
             ... on level 7 of the Dungeon.
             The game lasted 00:15:12 (8476 turns).

greasedhog the Schismatic (Formicid Abyssal Knight) Turns: 8476, Time: 00:15:12

Health: -5/66      AC: 14    Str: 21    XL:     9   Next: 76%
Magic:  8/16       EV:  6    Int: 11    God:    Lugonu [****..]
Gold:   297        SH:  5    Dex: 14    Spells: 8/8 levels left

rFire   . . .      SeeInvis +   a - +1 spear
rCold   . . .      Faith    .   (no shield)
rNeg    + . .      Spirit   .   B - +0 plate armour
rPois   .          Reflect  +   (helmet unavailable)
rElec   .          Harm     .   (no cloak)
rCorr   +          Rampage  .   h - +0 pair of gloves
Will    .....                   z - +1 pair of boots
Stlth   ..........              A - amulet of reflection
HPRegen 0.21/turn               d - ring of resist corrosion
MPRegen 0.15/turn               k - ring of positive energy

@: no status effects
A: permanent stasis, dig shafts and tunnels, antennae 3, four strong arms
a: Dig, Shaft Self, Renounce Religion, Depart the Abyss, Bend Space, Banish,
Corrupt


You were on level 7 of the Dungeon.
You worshipped Lugonu.
Lugonu was greatly pleased with you.
You visited 2 branches of the dungeon, and saw 8 of its levels.
You visited the Abyss 1 time.
You also visited: Sewer.

You collected 330 gold pieces.
You spent 33 gold pieces at shops.

Inventory:

Hand Weapons
 a - a +1 spear (weapon)
 x - a +0 halberd
Armour
 h - a +0 pair of gloves (worn)
 z - a +1 pair of boots (worn)
 B - a +0 plate armour (worn)
Jewellery
 d - a ring of resist corrosion (left hand)
 k - a ring of positive energy (right hand)
 A - an amulet of reflection (around neck)
Wands
 q - a wand of mindburst (14)
 u - a wand of digging (7)
Scrolls
 b - a scroll of fear
 c - 3 scrolls of vulnerability
 f - 2 scrolls of summoning
 j - 3 scrolls of fog
 m - a scroll of enchant armour
 p - a scroll of enchant weapon
 s - a scroll of amnesia
 v - 3 scrolls of teleportation {unknown}
 w - a scroll of noise {unknown}
 y - a scroll of torment {unknown}
 C - a scroll of poison {unknown}
Potions
 e - a potion of mutation {unknown}
 g - 4 potions of flight
 i - a potion of haste {unknown}
 l - a potion of experience {unknown}
 n - a potion of attraction {unknown}
 o - 2 potions of degeneration {unknown}
 r - a potion of brilliance {unknown}
 t - 2 potions of curing


   Skills:
 * Level 4.5 Fighting
 * Level 9.1 Polearms
 - Level 2.9 Armour
 - Level 0.8 Dodging
 - Level 10.0 Invocations


You had 8 spell levels left.
You didn't know any spells.
Your spell library contained the following spells:

 Spells                   Type           Power      Damage    Failure   Level
 Ensorcelled Hibernation  Hex/Ice        0%         N/A       100%        2
 Passwall                 Tmut/Erth      0%         N/A       100%        2
 Ignite Poison            Fire/Tmut/Pois 0%         N/A       100%        3
 Mephitic Cloud           Conj/Pois/Air  0%         N/A       100%        3
 Portal Projectile        Hex/Tloc       0%         N/A       100%        3
 Tukima's Dance           Hex            0%         N/A       100%        3
 Blade Hands              Tmut           0%         N/A       100%        5
 Freezing Cloud           Conj/Ice/Air   0%         6-21      100%        5
 Borgnjor's Revivificati  Necr           0%         N/A       100%        8
 Necromutation            Tmut/Necr      0%         N/A       100%        8
 Death's Door             Necr           0%         N/A       100%        9
 Swiftness                Air            Unusable   N/A       N/A         3

Dungeon Overview and Level Annotations

Branches:
Dungeon (7/15)             Temple (1/1) D:5           Sewer (visited)

Altars:
Ashenzari
Hepliaklqana
Kikubaaqudgha
Qazlal
Sif Muna
Trog
Uskayaw
Xom
Yredelemnul
Zin

Shops:
D:4 !

Annotations:
Abyss:1 Duvessa


Innate Abilities, Weirdness & Mutations

You cannot be hasted, slowed, berserked, paralysed or teleported.
You can dig through walls and to a lower floor.
You have a pair of large antennae on your head. (SInv)
Your four strong arms can wield two-handed weapons with a shield.


Message History

You hit the orc.
The orc is heavily wounded.
You hit the orc but do no damage.
The orc is heavily wounded.
The orc hits you but does no damage.
The orc priest calls down the wrath of Beogh upon you.
Beogh smites you!
You hit the orc.
You kill the orc!
Lugonu accepts your kill. You block the orc priest's attack.
You completely miss the orc priest. You block the orc priest's attack.
You closely miss the orc priest. The iguana bites you!
The orc priest invokes the aid of Beogh against you.
Beogh smites you!
* * * LOW HITPOINT WARNING * * *
Press: ? - help, Shift-Dir - straight line, f - orc priest
Aim: an orc priest, wielding a +0 flail (chance to affect: 85%)
The orc priest barely resists.
You can no longer gate yourself to the Abyss.
The iguana bites you.
* * * LOW HITPOINT WARNING * * *
The orc priest barely misses you.
Press: ? - help, Shift-Dir - straight line, f/p - orc priest
Aim: an orc priest, wielding a +0 flail (chance to affect: 85%)
The orc priest is devoured by a tear in reality.
Lugonu claims a new guest.
The iguana bites you but does no damage.
You completely miss the iguana. You hit the iguana.
The iguana is lightly wounded.
The iguana bites you.
* * * LOW HITPOINT WARNING * * *
You barely miss the iguana.
The iguana is lightly wounded.
You hit the iguana.
The iguana is moderately wounded.
An orc comes into view. It is wielding a +0 dagger.
The iguana bites you!
You die...

##### #..... #......#....
#......+.... #...... ...
#############....# ..# ###
...........##....###.#
#...#
...........#......#..#...#
...........#..§§l)#.)..#
...........#...§@.'..#...#
...........##o######.#
#...# .##'#####.......#
..# ### .#......#.......#
..#{ { .#......#.......#
...# .#......#.......#
...#
.#......+.......#....#
.#'######.......# { .#
:.........#+###..{{


You could see an iguana and an orc.

Vanquished Creatures
  Sigmund (D:3)
  A steam dragon (D:6)
  Menkaure (D:4)
  A water moccasin (Sewer)
  Edmund (D:6)
  An orc warrior (D:6)
  2 black bears (D:4)
  An ogre (D:4)
  A phantom (D:4)
  A kobold brigand (D:6)
  A bullfrog (D:7)
  A gnoll sergeant (D:6)
  3 scorpions (D:6)
  Dowan (D:5)
  A jelly (D:6)
  A hound (D:6)
  A bouda (D:4)
  3 orc priests (D:6)
  An iguana (D:5)
  7 orc wizards
  7 adders
  12 gnolls
  A white imp (D:4)
  2 ufetubi
  2 worms
  2 dart slugs
  26 orcs
  7 bats
  4 endoplasms
  10 giant cockroaches
  7 goblins
  9 hobgoblins
  7 jackals
  9 kobolds
  4 quokkas
  12 ball pythons
  7 frilled lizards
  4 rats
163 creatures vanquished.

Notes
Turn   | Place    | Note
-------+----------+-------------------------------------------
     0 | Abyss:1  | greasedhog the Formicid Abyssal Knight began the quest for
                  | the Orb.
     0 | Abyss:1  | Reached XP level 1. HP: 18/18 MP: 2/2
    11 | D:1      | Escaped the Abyss
   110 | D:1      | Reached XP level 2. HP: 19/24 MP: 3/3
   375 | D:1      | Reached XP level 3. HP: 24/29 MP: 4/4
   818 | D:1      | Reached *** piety under Lugonu
  1374 | D:2      | Reached skill level 3 in Invocations
  1374 | D:2      | Reached XP level 4. HP: 25/35 MP: 6/6
  1685 | D:2      | Found a faded altar of an unknown god.
  2249 | D:3      | Found a glowing drain.
  2259 | D:3      | Reached XP level 5. HP: 20/41 MP: 7/7
  2301 | D:3      | Reached skill level 4 in Invocations
  2355 | Sewer    | Entered a sewer
  2548 | Sewer    | Noticed a water moccasin
  2569 | Sewer    | Killed a water moccasin
  2570 | Sewer    | Reached XP level 6. HP: 29/47 MP: 9/9
  2904 | D:3      | Reached **** piety under Lugonu
  2905 | D:3      | Reached skill level 5 in Invocations
  3193 | D:3      | Noticed Sigmund
  3213 | D:3      | Killed Sigmund
  3214 | D:3      | Reached skill level 5 in Polearms
  3214 | D:3      | Reached XP level 7. HP: 38/52 MP: 6/11
  3401 | D:3      | Reached skill level 6 in Invocations
  4307 | D:4      | Found an ancient bone altar of Kikubaaqudgha.
  4467 | D:4      | Noticed Menkaure
  4477 | D:4      | Killed Menkaure
  4478 | D:4      | Reached skill level 7 in Invocations
  4478 | D:4      | Reached XP level 8. HP: 53/58 MP: 11/13
  4587 | D:4      | Found a hazy altar of Hepliaklqana.
  4938 | D:4      | Found Qifi's Distillery.
  4997 | D:4      | Bought a potion of curing for 33 gold pieces
  5050 | D:5      | Entered Level 5 of the Dungeon
  5356 | D:4      | Reached skill level 8 in Invocations
  5597 | D:5      | Noticed Duvessa
  5598 | D:5      | Noticed Dowan
  6288 | D:5      | Found a staircase to the Ecumenical Temple.
  6292 | Temple   | Entered the Ecumenical Temple
  6380 | D:5      | Killed Dowan
  6392 | D:5      | Banished Duvessa
  6393 | D:5      | Reached XP level 9. HP: 34/64 MP: 4/15
  6559 | D:5      | Found a stormy altar of Qazlal.
  6658 | D:5      | Reached skill level 9 in Invocations
  7322 | D:6      | Noticed Edmund
  7351 | D:6      | Killed Edmund
  7800 | D:6      | Reached skill level 10 in Invocations
  7852 | D:6      | Reached ***** piety under Lugonu
  8476 | D:7      | Slain by an iguana

Illustrated notes

Levels and vault maps discovered:
D:1:      nicolae_arrival_washed_ashore, layout_rooms, serial_park_tiny_1,
          serial_bayou_lagoon_a
D:2:      minmay_door_path, layout_rooms, dreamdust_ecumenical_altar_grove
D:3:      layout_loops_cross, gup_sewer_entry_glass, uniq_sigmund
D:4:      layout_basic, nicolae_overflow_hidden_temple, lemuel_crystal_altar,
          serial_shops, nicolae_lakefront_shop, uniq_menkaure
D:5:      layout_cave_pools, old_standard_altar,
          minmay_temple_entry_glassed_door, kennysheep_path_1, uniq_duvessa
D:6:      layout_loops_ring, chequers_serial_rivers_micro_a, hex_tiny,
          chequers_serial_rivers_micro_e, uniq_edmund
D:7:      minmay_the_grid_square_5x5_3x3
          [minmay_the_grid_square_5x5_checkered_sparse,
          minmay_the_grid_square_5x5_percent,
          minmay_the_grid_square_5x5_six_small,
          minmay_the_grid_square_5x5_shuriken,
          minmay_the_grid_square_5x5_megaprize_diamond,
          minmay_the_grid_square_5x5_slash,
          minmay_the_grid_square_5x5_doubleslash,
          minmay_the_grid_square_5x5_inner_z, minmay_the_grid_square_5x5_comb],
          layout_gridville, fiery_altar_vehumet, minmay_holes
Temple:   hellmonk_temple_two_chambers

Skill      XL: |  1  2  3  4  5  6  7  8  9 |
---------------+----------------------------+-----
Polearms       | 3 4 5 6 7 9 |  9.1
Invocations    | 3 4 5 7 8 10 | 10.0
Fighting       | 4 |  4.5
Armour         | |  2.9
Dodging        | |  0.8

Action                   |  1- 3 |  4- 6 |  7- 9 || total
-------------------------+-------+-------+-------++-------
Melee: Spear             |   107 |   176 |   576 ||   859
       Punch             |     3 |     2 |    10 ||    15
Throw: Throwing net      |       |     1 |       ||     1
Invok: Banish            |       |       |     4 ||     4
  Use: Scroll            |     3 |     1 |     4 ||     8
       Potion            |       |     1 |     3 ||     4
 Stab: Sleeping          |       |     3 |       ||     3
       Distracted        |       |     1 |       ||     1
Armor: Leather armour    |    16 |    27 |       ||    43
       Chain mail        |       |     7 |   242 ||   249
       Plate armour      |       |       |    18 ||    18
Dodge: Dodged            |    42 |    63 |   180 ||   285
Block: Other             |       |       |    20 ||    20

Table legend: (Time is in decaauts)
 A = Elapsed time spent in this place.
 B = Non-inter-level travel time spent in this place.
 C = Inter-level travel time spent in this place.
 D = Time resting spent in this place.
 E = Time spent auto-exploring this place.
 F = Levels seen in this place.
 G = Mean time per level.
                   A        B        C        D        E       F      G
               +--------+--------+--------+--------+--------+-----+--------+
         Total |   8333 |   8113 |    220 |   1393 |   5180 |  10 |  833.3 |
       Dungeon |   7897 |   7677 |    220 |   1233 |   4982 |   7 | 1128.1 |
        Temple |      1 |      1 |      0 |      0 |      0 |   1 |    1.0 |
         Abyss |     11 |     11 |      0 |      0 |      0 |   1 |   11.0 |
         Sewer |    423 |    423 |      0 |    160 |    198 |   1 |  423.0 |
               +--------+--------+--------+--------+--------+-----+--------+

Top non-repeatable levels by time:
     D:4: 2157 daAuts
     D:6: 1565 daAuts
     D:1: 1323 daAuts
     D:3: 1054 daAuts
     D:2: 871 daAuts
     D:5: 845 daAuts
   Sewer: 423 daAuts
     D:7: 78 daAuts
 Abyss:1: 11 daAuts
  Temple: 1 daAuts
